 Dungeon Crawl Stone Soup version 0.25.1-1-g288607f5aa (webtiles) character file.

Game seed: 5618748376749905768

22001 DerDa the Thaumaturge (level 12, -4/84 HPs)
             Began as a Mummy Ice Elementalist on July 26, 2020.
             Was a High Priest of Sif Muna.
             Hit by a javelin thrown by a minotaur (31 damage)
             ... in a Gauntlet.
             The game lasted 01:01:56 (17423 turns).

DerDa the Thaumaturge (Mummy Ice Elementalist)     Turns: 17423, Time: 01:01:56

Health: -4/84      AC: 11    Str: 14    XL:     12   Next: 59%
Magic:  7/30       EV: 14    Int: 20    God:    Sif Muna [*****.]
Gold:   934        SH: 10    Dex: 18    Spells: 13/39 levels left

rFire    . . .     SeeInvis .   n - +2 rapier (venom)
rCold    + + .     Gourm    .   A - +0 buckler {rF+}
rNeg     + + +     Faith    .   f - +3 troll leather armour
rPois    ∞         Spirit   .   (no helmet)
rElec    .         Reflect  +   o - +0 cloak
rCorr    .         Harm     .   s - +1 pair of gloves
MR       +....     NoTele   +   c - +0 pair of boots
Stlth    ++........             J - amulet "Nuampadu" {Reflect rPois rC+ Str+3 SH+5}
HPRegen  0.64/turn              L - +6 ring of dexterity (curse)
MPRegen  0.22/turn              E - ring of wizardry

@: no status effects
A: no food or potions, fire vulnerability, cold resistance 1, negative energy
resistance 3, torment resistance, unbreathing
a: Channel Magic, Forget Spell, Divine Exegesis, Renounce Religion


You were in a Gauntlet.
You worshipped Sif Muna.
Sif Muna was extremely pleased with you.
You were not hungry.

You visited 3 branches of the dungeon, and saw 15 of its levels.
You also visited: Gauntlet.

You collected 934 gold pieces.

Inventory:

Hand Weapons
 a - a +2 falchion of protection
 n - a +2 rapier of venom (weapon)
 u - a +1 whip of electrocution
 D - a cursed +3 spear
 K - a +0 demon whip
Missiles
 b - 55 sling bullets
 j - 15 poisoned darts (quivered)
 m - 6 datura-tipped darts
 z - 85 bolts
Armour
 c - a +0 pair of boots (worn)
 f - a +3 troll leather armour (worn)
 g - a +2 robe
 o - a +0 cloak (worn)
 s - a +1 pair of gloves (worn)
 v - a +0 leather armour of magic resistance
 A - a +0 buckler of fire resistance (worn)
Magical Staves
 H - an uncursed staff of energy
Jewellery
 e - an uncursed ring of flight
 i - an uncursed amulet of the acrobat
 x - a +4 ring of evasion
 B - a +4 ring of slaying
 E - a ring of wizardry (right hand)
 J - the amulet "Nuampadu" (around neck) {Reflect rPois rC+ Str+3 SH+5}
   (You found it in a Gauntlet)

   [amulet of reflection]

   It shields you and reflects attacks.
   It affects your strength (+3).
   It protects you from cold.
   It protects you from poison.
   It affects your SH (+5).
 L - a cursed +6 ring of dexterity (left hand)
Wands
 q - a wand of iceblast (8)
 w - a wand of enslavement (11)
 y - a wand of paralysis (24)
 F - a wand of acid (5)
 G - a wand of polymorph (4)
Scrolls
 d - 9 scrolls of identify
 h - 2 scrolls of enchant weapon
 k - 11 scrolls of teleportation
 l - 4 scrolls of magic mapping
 p - 2 scrolls of remove curse
 r - 2 scrolls of immolation
 t - a scroll of amnesia
Miscellaneous
 C - a phantom mirror


   Skills:
 + Level 4.6 Fighting
 + Level 4.3 Dodging
 - Level 1.5 Stealth
 - Level 4.0 Shields
 * Level 14.0 Spellcasting
 + Level 6.5 Conjurations
 * Level 10.8 Ice Magic
 + Level 1.1 Air Magic
 + Level 4.0 Invocations


You had 13 spell levels left.
You knew the following spells:

 Your Spells              Type           Power        Failure   Level  Hunger
a - Freeze                Ice            ####         1%          1    N/A
b - Frozen Ramparts       Ice            ######       1%          3    N/A
c - Ozocubu's Armour      Chrm/Ice       #####...     1%          3    N/A
d - Hailstorm             Conj/Ice       #####...     1%          4    N/A
e - Summon Ice Beast      Ice/Summ       #####...     2%          4    N/A
f - Mephitic Cloud        Conj/Pois/Air  ###.....     2%          3    N/A
g - Freezing Cloud        Conj/Ice/Air   #####.....   26%         6    N/A
q - Blink                 Tloc           N/A          3%          2    N/A

Your spell library contained the following spells:

 Spells                   Type           Power        Failure   Level  Hunger
 Magic Dart               Conj           ####         1%          1    N/A
 Shock                    Conj/Air       ####         1%          1    N/A
 Conjure Flame            Conj/Fire      ####....     1%          3    N/A
 Static Discharge         Conj/Air       ####....     1%          3    N/A
 Stone Arrow              Conj/Erth      ####..       1%          3    N/A
 Summon Small Mammal      Summ           ##..         2%          1    N/A
 Swiftness                Chrm/Air       ###.....     2%          2    N/A
 Call Imp                 Summ           ##......     3%          2    N/A
 Slow                     Hex            ##......     3%          2    N/A
 Fulminant Prism          Conj/Hex       ####......   6%          4    N/A
 Call Canine Familiar     Summ           ##......     7%          3    N/A
 Confusing Touch          Hex            ##......     7%          3    N/A
 Gell's Gravitas          Tloc           ##........   7%          3    N/A
 Summon Guardian Golem    Hex/Summ       ##......     7%          3    N/A
 Metabolic Englaciation   Hex/Ice        #####.....   7%          5    N/A
 Lightning Bolt           Conj/Air       ####......   13%         5    N/A
 Airstrike                Air            ###.......   16%         4    N/A
 Summon Lightning Spire   Summ/Air       ###.....     19%         4    N/A
 Petrify                  Tmut/Erth      ##......     22%         4    N/A
 Yara's Violent Unravell  Hex/Tmut       ##........   52%         5    N/A
 Shadow Creatures         Summ           N/A          96%         6    N/A
 Summon Greater Demon     Summ           ##........   100%        7    N/A

Dungeon Overview and Level Annotations

Branches:
Dungeon (11/15)            Temple (1/1) D:5            Lair (3/6) D:11
 Shoals (0/4) Lair:3          Orc (0/2) D:9         Gauntlet (1/1)
  Snake: Lair:2-4    Spider: Lair:2-4

Altars:
Ashenzari
Cheibriados
Dithmenos
Elyvilon
Fedhas
Gozag
Hepliaklqana
Kikubaaqudgha
Makhleb
Nemelex Xobeh
Okawaru
Qazlal
Ru
Sif Muna
Trog
Uskayaw
Vehumet
Wu Jian
Xom
Yredelemnul
Zin
The Shining One

Annotations:
Lair:3 exclusion: oklob plant Gauntlet 8 transporters


Innate Abilities, Weirdness & Mutations

You do not eat or drink.
Your flesh is vulnerable to fire.
You are immune to poison.
Your flesh is cold resistant. (rC+)
You are immune to negative energy. (rN+++)
You are immune to unholy pain and torment.
You can survive without breathing.


Message History

The minotaur barely misses you. The minotaur gores you.
You barely miss the minotaur.
The minotaur is severely wounded.
You barely miss the minotaur.
The minotaur is severely wounded.
The minotaur hits you! You block the minotaur's attack. The minotaur hits you!!
* * * LOW HITPOINT WARNING * * *
The minotaur closely misses you.
The minotaur throws a javelin.
The javelin pierces through you but does no damage.
You see here a javelin.
The minotaur throws a javelin.
The javelin barely misses you.
You see here a javelin.
The minotaur throws a javelin.
The javelin pierces through you but does no damage.
You see here a javelin.
You start resting.
The minotaur is too close now for your liking.
The minotaur throws a javelin.
The javelin pierces through you!!
You die...

###..## #8#..#.
###..#. #####..#!
#§8≈#..#( #...#..#©
#.8.#..#.
#############...#..#.
#...@......##.8.#..#.
#H########.##...#..#.
#.#.....H#.##...#..##
#.#.####.#Y##.©.#≈...
#.# #(#......#∩...
#.######.####.©.#≈...
#.(((..H(# #...#..##
########## #...#..#3
#.8.#..#5


You could see a minotaur (poisoned).

Vanquished Creatures
  A balrug (Gauntlet)
  A hydra (Lair:2)
  Harold (Lair:2)
  Pikel (D:6)
  5 elephants (Lair:2)
  A black mamba (Lair:2)
  3 spiny frogs
  3 komodo dragons (Lair:2)
  4 trolls
  A polar bear (Lair:2)
  10 blink frogs
  3 hippogriffs
  3 centaur simulacra (Gauntlet)
  Sigmund (D:2)
  3 wyverns
  4 hogs (D:9)
  2 basilisks (Lair:2)
  A human (D:9)
  Eustachio (D:6)
  19 yaks
  An acid dragon (D:11)
  4 porcupines
  5 water moccasins
  A hell hound (Gauntlet)
  7 orc warriors
  2 slaves (D:6)
  A phantom (D:6)
  3 ogres
  4 sky beasts
  An ice dragon simulacrum (Gauntlet)
  7 wolves
  3 centaurs
  5 crocodiles
  A big kobold (D:9)
  8 bullfrogs
  A wyvern skeleton (D:9)
  A hornet simulacrum (Gauntlet)
  2 scorpions
  3 killer bees (D:11)
  2 wights (D:11)
  5 howler monkeys
  2 bullfrog zombies
  5 crimson imps
  A quasit (D:10)
  16 orc wizards
  A gnoll shaman (D:10)
  8 hounds
  A centaur skeleton (D:11)
  6 iguanas
  3 orc priests
  4 jellies
  A bullfrog skeleton (D:8)
  4 worker ants
  A hound zombie (D:9)
  A worker ant zombie (D:11)
  8 gnolls
  8 adders
  2 shadow imps
  2 oozes
  An adder skeleton (D:9)
  5 worms
  2 dart slugs
  4 leopard geckos
  29 orcs
  5 giant cockroaches
  4 hobgoblins
  11 jackals
  11 kobolds
  2 quokkas
  6 bats
  13 frilled lizards
  4 goblins
  A leopard gecko zombie (D:7)
  5 rats
  2 fungi (Lair:3)
  A plant (Lair:2)
315 creatures vanquished.

Vanquished Creatures (collateral kills)
  A spiny frog (Lair:1)
  A yak (Lair:3)
  An ice beast (D:8)
  A phantom (D:9)
  A wyvern zombie (D:11)
  3 wights (D:11)
  An electric eel (D:11)
  A nameless horror (D:11)
  A shadow imp (D:6)
  An adder skeleton (D:6)
12 creatures vanquished.

Vanquished Creatures (others)
  A withered plant (Gauntlet)
1 creature vanquished.

Grand Total: 328 creatures vanquished

Notes
Turn   | Place    | Note
-------+----------+-------------------------------------------
     0 | D:1      | DerDa the Mummy Ice Elementalist began the quest for the
                  | Orb.
     0 | D:1      | Reached XP level 1. HP: 13/13 MP: 4/4
    33 | D:1      | You fall into a shaft and drop 1 floor!
    33 | D:2      | Noticed Sigmund
   409 | D:1      | Reached XP level 2. HP: 16/19 MP: 3/5
   472 | D:1      | Reached skill level 3 in Spellcasting
   779 | D:1      | Reached XP level 3. HP: 16/24 MP: 0/7
   784 | D:1      | Learned a level 3 spell: Frozen Ramparts
   788 | D:1      | Learned a level 3 spell: Ozocubu's Armour
  1894 | D:2      | Reached skill level 4 in Spellcasting
  1894 | D:2      | Reached XP level 4. HP: 25/30 MP: 7/10
  1951 | D:2      | Found a hide-covered altar of Uskayaw.
  2242 | D:2      | Killed Sigmund
  2242 | D:2      | Reached skill level 5 in Spellcasting
  2242 | D:2      | Reached XP level 5. HP: 11/35 MP: 2/12
  2593 | D:2      | Found a hazy altar of Hepliaklqana.
  2873 | D:3      | Found a shadowy altar of Dithmenos.
  3152 | D:3      | Found a radiant altar of Vehumet.
  3160 | D:3      | Reached XP level 6. HP: 41/41 MP: 11/14
  3898 | D:4      | Reached skill level 5 in Ice Magic
  4019 | D:4      | Reached skill level 6 in Spellcasting
  4160 | D:4      | Learned a level 4 spell: Hailstorm
  4165 | D:4      | Learned a level 4 spell: Summon Ice Beast
  4498 | D:5      | Entered Level 5 of the Dungeon
  4522 | D:5      | Found an ancient bone altar of Kikubaaqudgha.
  4674 | D:5      | Reached XP level 7. HP: 37/46 MP: 12/16
  4914 | D:5      | Reached skill level 1 in Conjurations
  5671 | D:5      | Found a staircase to the Ecumenical Temple.
  5680 | Temple   | Entered the Ecumenical Temple
  5700 | Temple   | Became a worshipper of Sif Muna the Loreminder
  6015 | D:5      | Reached skill level 7 in Spellcasting
  6836 | D:6      | Found a bloodstained altar of Trog.
  6891 | D:6      | Noticed Pikel
  6903 | D:6      | Killed Pikel
  6903 | D:6      | Reached skill level 8 in Spellcasting
  6903 | D:6      | Reached XP level 8. HP: 52/52 MP: 11/20
  7028 | D:6      | Noticed Eustachio
  7046 | D:6      | Killed Eustachio
  7766 | D:7      | Reached skill level 9 in Spellcasting
  8014 | D:7      | Found an iron altar of Okawaru.
  8661 | D:8      | Reached XP level 9. HP: 57/57 MP: 18/22
  8943 | D:8      | Reached skill level 1 in Fighting
  8970 | D:8      | Reached * piety under Sif Muna
  8996 | D:8      | Found a blossoming altar of Fedhas.
  9233 | D:8      | Reached skill level 10 in Spellcasting
  9712 | D:9      | Found a staircase to the Orcish Mines.
  9720 | D:9      | Noticed a troll
  9732 | D:9      | Killed a troll
 10002 | D:9      | Reached ** piety under Sif Muna
 10243 | D:9      | Reached XP level 10. HP: 69/69 MP: 8/24
 10463 | D:9      | Reached skill level 11 in Spellcasting
 10917 | D:10     | Entered Level 10 of the Dungeon
 11009 | D:10     | Reached *** piety under Sif Muna
 11434 | D:10     | Reached skill level 5 in Conjurations
 11441 | D:10     | Reached skill level 12 in Spellcasting
 11595 | D:10     | Found a stormy altar of Qazlal.
 11915 | D:10     | Identified a scroll of acquirement
 11916 | D:10     | Acquired a +0 buckler of fire resistance
 11950 | D:11     | Reached XP level 11. HP: 78/78 MP: 18/27
 12006 | D:10     | Reached skill level 1 in Shields
 12216 | D:11     | Found a staircase to the Lair.
 12288 | D:11     | Reached **** piety under Sif Muna
 12498 | D:11     | Reached skill level 1 in Invocations
 13208 | Lair:1   | Entered Level 1 of the Lair of Beasts
 14868 | Lair:2   | Learned a level 3 spell: Mephitic Cloud
 14871 | Lair:2   | Learned a level 2 spell: Blink
 14963 | Lair:2   | Reached skill level 13 in Spellcasting
 14963 | Lair:2   | Reached skill level 10 in Ice Magic
 15021 | Lair:2   | Noticed a six-headed hydra
 15029 | Lair:2   | Noticed Harold
 15065 | Lair:2   | Killed a six-headed hydra
 15065 | Lair:2   | Reached XP level 12. HP: 84/84 MP: 0/29
 16221 | Lair:2   | Killed Harold
 16409 | Lair:2   | Reached ***** piety under Sif Muna
 16535 | Lair:3   | Identified Sinisk's Almanac of Hurtful Companions (Sif Muna
                  | gifted it to you on level 3 of the Lair of Beasts)
 16535 | Lair:3   | Received a gift from Sif Muna
 16553 | Lair:3   | Learned a level 6 spell: Freezing Cloud
 16613 | Lair:3   | Found a gate leading to a gauntlet.
 16627 | Gauntlet | Entered a Gauntlet
 16627 | Gauntlet | Found a transporter.
 16627 | Gauntlet | Found a transporter.
 16627 | Gauntlet | Found a transporter.
 16627 | Gauntlet | Found a transporter.
 16685 | Gauntlet | Found a transporter.
 16694 | Gauntlet | Noticed a balrug
 16695 | Gauntlet | Found a transporter.
 16716 | Gauntlet | Found a transporter.
 16740 | Gauntlet | Found a transporter.
 16746 | Gauntlet | Found a transporter.
 16792 | Gauntlet | Found a transporter.
 16811 | Gauntlet | Found a transporter.
 16826 | Gauntlet | Found a transporter.
 16988 | Gauntlet | Got a transparent diamond amulet
 16989 | Gauntlet | Identified the amulet "Nuampadu" {Reflect rPois rC+ Str+3
                  | SH+5} (You found it in a Gauntlet)
 17037 | Gauntlet | Killed a balrug
 17037 | Gauntlet | Reached skill level 14 in Spellcasting
 17037 | Gauntlet | Reached skill level 1 in Air Magic
 17140 | Gauntlet | Noticed a minotaur
 17423 | Gauntlet | Hit by a javelin thrown by a minotaur

Illustrated notes

Levels and vault maps discovered:
D:1:      lightli_arrival_windingriver, layout_rooms, minmay_lizard_pond
D:2:      layout_basic, overflow_temple_1_default, lemuel_altar_in_water2,
          uniq_sigmund
D:3:      layout_basic, fiery_altar_vehumet, lemuel_round_altar
D:4:      layout_loops_ring, kennysheep_generic_room_9
D:5:      layout_gridville, kiku_gazebo_garden_becter,
          minmay_temple_entry_fiery, first_ration,
          minmay_a_box_with_orc_wizards_in_it
D:6:      layout_basic, overflow_temple_1_default, uniq_eustachio, uniq_pikel
D:7:      layout_basic, nicolae_overflow_hidden_temple, minmay_tree_intersection
D:8:      layout_basic, kennysheep_mini
D:9:      layout_cave_pools, orc_0_dummy, grunt_livestock,
          minmay_misc_feat_plants
D:10:     layout_irregular_city, nicolae_qazlal_style_of_elements
D:11:     layout_roguey, erik_lair_island, nicolae_straight_to_the_point
Temple:   regret_index_temple_generic_petals
Lair:1:   layout_layer_cave
Lair:2:   beast_lair_carwin_large_2, layout_cave_pods, grunt_megastairs_5,
          infiniplex_staircase_pool, uniq_harold
Lair:3:   layout_hall_layers, minmay_shoals_entry_hut, gauntlet_entry_generic
Gauntlet: gammafunk_gauntlet_shortcut [gammafunk_gauntlet_arena_mazey,
          gammafunk_gauntlet_arena_grid, gammafunk_gauntlet_arena_crates,
          nicolae_gauntlet_arena_grate_2, gammafunk_gauntlet_arena_corners,
          nicolae_gauntlet_arena_t_cross, gauntlet_exit_spiral]

Skill      XL: |  1  2  3  4  5  6  7  8  9 10 11 12 |
---------------+-------------------------------------+-----
Spellcasting   | 3 4 5 6 8 9 10 12 13 14 | 14.0
Ice Magic      | 4 5 6 7 8 9 10 | 10.8
Conjurations   | 2 3 4 5 6 |  6.5
Fighting       | 2 4 |  4.6
Dodging        | 3 4 |  4.3
Shields        | 4 |  4.0
Invocations    | 2 4 |  4.0
Air Magic      | 1 |  1.1
Stealth        | |  1.5

Action                   |  1- 3 |  4- 6 |  7- 9 | 10-12 || total
-------------------------+-------+-------+-------+-------++-------
Melee: Dagger            |    11 |       |       |       ||    11
       Whip              |    14 |    11 |    27 |    16 ||    68
       Falchion          |       |       |    61 |     7 ||    68
       Rapier            |       |       |    12 |   282 ||   294
Throw: Stone             |     8 |     8 |     3 |       ||    19
       Boomerang         |       |     4 |     7 |       ||    11
       Dart              |       |    23 |    47 |    59 ||   129
 Cast: Freeze            |    69 |    35 |    67 |    25 ||   196
       Frozen Ramparts   |     1 |    13 |    39 |    59 ||   112
       Summon Ice Beast  |       |       |     9 |    28 ||    37
       Ozocubu's Armour  |       |       |     9 |    10 ||    19
       Hailstorm         |       |       |    17 |    61 ||    78
       Mephitic Cloud    |       |       |       |     2 ||     2
       Blink             |       |       |       |     1 ||     1
Evoke: Wand              |       |       |     1 |     5 ||     6
  Use: Scroll            |     3 |     1 |     9 |     8 ||    21
 Stab: Sleeping          |       |       |     1 |     1 ||     2
Armor: Robe              |    18 |     4 |    56 |       ||    78
       Troll leather arm |       |       |     4 |   135 ||   139
Dodge: Dodged            |    67 |    32 |   170 |   336 ||   605
Block: Buckler           |       |       |       |    26 ||    26
       Rpst.: Falchion   |       |       |    30 |     2 ||    32
